 Dungeon Crawl Stone Soup version 0.28-a0-465-ge2dae52223 (webtiles) character file.

Game seed: 14198289810407961776

1844 heikuro the Geomancer (level 9, -6/57 HPs)
             Began as a Formicid Earth Elementalist on Sept 14, 2021.
             Shot with an arrow by a centaur (9 damage)
             ... on level 6 of the Dungeon.
             The game lasted 00:13:24 (6836 turns).

heikuro the Geomancer (Formicid Earth Elementalist) Turns: 6836, Time: 00:13:24

Health: -6/57      AC:  3    Str: 13    XL:     9   Next: 33%
Magic:  11/16      EV: 12    Int: 18    God:
Gold:   263        SH:  0    Dex: 11    Spells: 7/17 levels left

rFire   . . .      SeeInvis +   d - staff of air
rCold   + . .      Faith    .   (no shield)
rNeg    . . .      Spirit   .   b - +0 robe
rPois   .          Reflect  .   (helmet unavailable)
rElec   +          Harm     .   (no cloak)
rCorr   .          Rampage  .   l - +0 pair of gloves
Will    .....                   (no boots)
Stlth   +++.......              i - amulet of magic regeneration
HPRegen 0.19/turn               r - ring of protection from cold
MPRegen 0.40/turn               (no ring)

@: no status effects
A: permanent stasis, dig shafts and tunnels, antennae 3, four strong arms
a: Dig, Shaft Self


You were on level 6 of the Dungeon.
You visited 2 branches of the dungeon, and saw 7 of its levels.

You collected 263 gold pieces.

Inventory:

Hand Weapons
 f - a +0 spear
Missiles
 c - 102 stones
 n - 15 poisoned darts
Armour
 b - a +0 robe (worn)
 l - a +0 pair of gloves (worn)
Magical Staves
 d - a staff of air (weapon)
Jewellery
 i - an amulet of magic regeneration (around neck)
 r - a ring of protection from cold (left hand)
 x - the amulet of Pragmatism {RegenMP +Inv Will- Str+9 Int-3}
   (You found it on level 4 of the Dungeon)

   [amulet of magic regeneration]

   It increases your rate of magic regeneration.
   Str:       It affects your strength (+9).
   Int:       It affects your intelligence (-3).
   +Inv:      It lets you turn invisible.
   Will:      It decreases your willpower.
Wands
 q - a wand of charming (10)
 s - a wand of paralysis (14)
Scrolls
 a - a scroll of vulnerability
 e - 2 scrolls of magic mapping {unknown}
 m - 2 scrolls of fear {unknown}
 o - 2 scrolls of identify {unknown}
 p - a scroll of blinking {unknown}
 t - a scroll of amnesia {unknown}
 v - a scroll of enchant armour {unknown}
 y - a scroll of brand weapon {unknown}
 A - a scroll of immolation {unknown}
Potions
 g - 2 potions of resistance {unknown}
 h - 2 potions of flight {unknown}
 j - a potion of attraction {unknown}
 k - a potion of haste {unknown}
 u - a potion of curing {unknown}
 w - a potion of heal wounds {unknown}
 z - a potion of mutation {unknown}


   Skills:
 - Level 0.3(2.3) Polearms
 + Level 3.7(3.8) Staves
 - Level 2.0 Dodging
 - Level 5.0 Stealth
 + Level 4.8 Spellcasting
 + Level 2.0 Conjurations
 - Level 3.0 Transmutations
 * Level 8.1 Earth Magic
 + Level 5.2 Poison Magic
 + Level 4.1 Evocations


You had 7 spell levels left.
You knew the following spells:

 Your Spells              Type           Power      Damage    Failure   Level
a - Sandblast             Erth           66%        2d15      1%          1
b - Stone Arrow           Conj/Erth      44%        3d9       4%          3
c - Poisonous Vapours     Pois/Air       40%        N/A       7%          2
d - Petrify               Tmut/Erth      24%        N/A       14%         4

Your spell library contained the following spells:

 Spells                   Type           Power      Damage    Failure   Level
 Passwall                 Tmut/Erth      20%        N/A       1%          2
 Corpse Rot               Necr/Air       N/A        N/A       21%         2
 Portal Projectile        Hex/Tloc       8%         N/A       38%         3
 Blade Hands              Tmut           7%         N/A       73%         5
 Excruciating Wounds      Necr           2%         N/A       98%         5


Dungeon Overview and Level Annotations

Branches:
Dungeon (6/15)             Temple (1/1) D:4

Altars:
Ashenzari
Dithmenos
Elyvilon
Fedhas
Gozag
Hepliaklqana
Kikubaaqudgha
Makhleb
Nemelex Xobeh
Okawaru
Qazlal
Ru
Sif Muna
Trog
Uskayaw
Wu Jian
Xom
Yredelemnul

Shops:
D:3 (   D:5 !


Innate Abilities, Weirdness & Mutations

You cannot be hasted, slowed, berserked, paralysed or teleported.
You can dig through walls and to a lower floor.
You have a pair of large antennae on your head. (SInv)
Your four strong arms can wield two-handed weapons with a shield.


Message History

Aim: a scorpion (moderately wounded, poisoned)
You feel a surge of power!
Poisonous vapours surround the scorpion!
The scorpion looks even sicker.
You feel a bit more experienced.
Your Conjurations skill increases to level 2!
You start resting.
Magic restored.
Found a runed hunting sling.
There is a stone staircase leading down here.
Casting: Poisonous Vapours (safe; 7% risk of failure)
Confirm with . or Enter, or press ? or * to list all spells.
Aiming: Poisonous Vapours (safe; 7% risk of failure)
Press: ? - help, Dir - move target, f - centaur
Aim: a centaur, wielding a +0 shortbow and quivering arrows (wandering, hasn't noticed you)
You feel a surge of power!
Poisonous vapours surround the centaur!
The centaur is poisoned.
The centaur shouts!
The centaur shoots an arrow.
The arrow hits you.
The centaur shoots an arrow.
The arrow hits you!
Casting: Poisonous Vapours (safe; 7% risk of failure)
Confirm with . or Enter, or press ? or * to list all spells.
Aiming: Poisonous Vapours (safe; 7% risk of failure)
Press: ? - help, Dir - move target, f/p - centaur
Aim: a centaur, wielding a +0 shortbow and quivering arrows (lightly wounded, poisoned)
You feel a surge of power!
Poisonous vapours surround the centaur!
The centaur looks even sicker.
The centaur shoots an arrow.
The arrow hits you!
Unknown command.
The centaur shoots an arrow.
The arrow hits you!
* * * LOW HITPOINT WARNING * * *
Casting: Poisonous Vapours (safe; 7% risk of failure)
Confirm with . or Enter, or press ? or * to list all spells.
Aiming: Stone Arrow (dangerous; 4% risk of failure)
Press: ? - help, Shift-Dir - straight line, f/p - centaur
Aim: a centaur, wielding a +0 shortbow and quivering arrows (lightly wounded, very poisoned, 83% to hit)
The stone arrow hits the centaur!
The centaur is severely wounded.
The centaur shoots an arrow.
The arrow hits you!
* * * LOW HITPOINT WARNING * * *
The centaur shoots an arrow.
The arrow hits you!
You die...

### ##...PP..P. ..
##...P...P. #. #
#..#.....P. ...##.##.
##.##....P. .........
##....PPPPP#
...)....#####........###
##...#..................
#...c#........#.........
#.....@.....###........
#............##.s......
##........##...........
#....>##.###..........
#.....#..# #..........
#...#.................
.....##.................
..#.# ##................
..#. .................


You could see a centaur (very poisoned).

Vanquished Creatures
  Pikel (D:5)
  A water moccasin (D:4)
  Purgy (D:4)
  A sky beast (D:6)
  A hornet zombie (D:5)
  3 ogres (D:5)
  A lemure (D:5)
  2 bullfrogs
  6 scorpions
  A centaur zombie (D:4)
  2 hounds
  A centaur skeleton (D:5)
  An iguana (D:6)
  2 hound skeletons (D:4)
  3 adders
  4 gnolls (D:5)
  An ufetubus (D:5)
  A worm (D:3)
  2 adder skeletons (D:4)
  4 dart slugs
  An orc (D:5)
  3 ball pythons
  6 bats
  3 endoplasms
  2 giant cockroaches
  9 goblins
  4 hobgoblins
  3 jackals (D:5)
  5 kobolds
  4 quokkas
  2 frilled lizards
  5 rats
86 creatures vanquished.

Vanquished Creatures (others)
  A fungus (D:6)
  3 toadstools (D:6)
4 creatures vanquished.

Grand Total: 90 creatures vanquished

Notes
Turn   | Place    | Note
-------+----------+-------------------------------------------
     0 | D:1      | heikuro the Formicid Earth Elementalist began the quest for
                  | the Orb.
     0 | D:1      | Reached XP level 1. HP: 13/13 MP: 3/3
   418 | D:1      | Reached XP level 2. HP: 19/19 MP: 3/5
  1184 | D:2      | Reached skill level 4 in Earth Magic
  1202 | D:2      | Reached XP level 3. HP: 24/24 MP: 6/6
  1293 | D:2      | Learned a level 3 spell: Stone Arrow
  1410 | D:2      | Learned a level 2 spell: Poisonous Vapours
  1979 | D:2      | Reached XP level 4. HP: 30/30 MP: 7/7
  2205 | D:3      | Found a shimmering blue altar of Sif Muna.
  3247 | D:3      | Found Ewoylach's Weapon Emporium.
  3327 | D:4      | Reached skill level 1 in Poison Magic
  3609 | D:4      | Noticed a water moccasin
  3679 | D:4      | Found a staircase to the Ecumenical Temple.
  3698 | Temple   | Entered the Ecumenical Temple
  3854 | D:4      | Reached skill level 1 in Staves
  3854 | D:4      | Reached XP level 5. HP: 27/35 MP: 5/9
  3934 | D:4      | Noticed Purgy
  3943 | D:4      | Killed Purgy
  3944 | D:4      | Reached skill level 5 in Earth Magic
  3944 | D:4      | Reached skill level 1 in Evocations
  3944 | D:4      | Reached XP level 6. HP: 18/41 MP: 6/10
  4433 | D:4      | Killed a water moccasin
  4434 | D:4      | Reached XP level 7. HP: 21/46 MP: 5/11
  4866 | D:4      | Found a hide-covered altar of Uskayaw.
  4898 | D:4      | Identified the amulet of Pragmatism {RegenMP +Inv Will-
                  | Str+9 Int-3}
  5087 | D:5      | Entered Level 5 of the Dungeon
  5194 | D:5      | Found a shadowy altar of Dithmenos.
  5194 | D:5      | Found a sparkling altar of Nemelex Xobeh.
  5487 | D:5      | Reached skill level 6 in Earth Magic
  5530 | D:5      | Reached XP level 8. HP: 52/52 MP: 11/13
  5565 | D:5      | Found a burning altar of Makhleb.
  5897 | D:5      | Reached skill level 5 in Stealth
  6232 | D:5      | Found Saagem's Distillery.
  6305 | D:5      | Reached skill level 7 in Earth Magic
  6351 | D:5      | Noticed Pikel
  6611 | D:5      | Killed Pikel
  6612 | D:5      | Reached skill level 1 in Conjurations
  6612 | D:5      | Reached XP level 9. HP: 57/57 MP: 5/15
  6666 | D:6      | Reached skill level 5 in Poison Magic
  6739 | D:6      | Reached skill level 8 in Earth Magic
  6766 | D:6      | Learned a level 4 spell: Petrify
  6836 | D:6      | Shot with an arrow by a centaur

Illustrated notes

Levels and vault maps discovered:
D:1:      dpeg_arrival_shrine, layout_loops_corners, grunt_decor_one_mirror
D:2:      layout_basic
D:3:      layout_loops_corners, lemuel_blue_sif_altar, serial_shops, shop,
          kennysheep_generic_room_10
D:4:      layout_cave_pools, lemuel_crystal_altar, minmay_temple_entry_grid,
          minmay_misc_feat_more_columns, uniq_purgy
D:5:      layout_loops_cross, lemuel_tele_altar,
          gammafunk_temple_overflow_pools, serial_shops, shop, st_stairs_8,
          uniq_pikel
D:6:      layout_cave_pools, nicolae_tso_carved_into_rock,
          minmay_gold_behind_fungi
Temple:   nicolae_temple_god_jail

Skill      XL: |  1  2  3  4  5  6  7  8  9 |
---------------+----------------------------+-----
Dodging        | 2 |  2.0
Earth Magic    | 4 5 6 7 8 |  8.1
Stealth        | 3 4 5 |  5.0
Transmutations | 2 3 |  3.0
Poison Magic   | 1 2 3 4 5 |  5.2
Staves         | 1 2 3 |  3.7
Spellcasting   | 3 4 |  4.8
Evocations     | 1 2 3 4 |  4.1
Conjurations   | 1 2 |  2.0
Polearms       | |  0.3

Action                   |  1- 3 |  4- 6 |  7- 9 || total
-------------------------+-------+-------+-------++-------
Melee: Unarmed           |    14 |       |       ||    14
       Spear             |    77 |    12 |       ||    89
       Staff             |       |    42 |    29 ||    71
Throw: Dart              |       |     3 |       ||     3
 Cast: Sandblast         |    11 |    44 |    48 ||   103
       Poisonous Vapours |       |       |    33 ||    33
       Stone Arrow       |       |       |     7 ||     7
  Use: Scroll            |       |     2 |       ||     2
 Stab: Sleeping          |     5 |     3 |       ||     8
Armor: Robe              |     8 |    20 |    11 ||    39
Dodge: Dodged            |    45 |    40 |    50 ||   135

Table legend: (Time is in decaauts)
 A = Elapsed time spent in this place.
 B = Non-inter-level travel time spent in this place.
 C = Inter-level travel time spent in this place.
 D = Time resting spent in this place.
 E = Time spent auto-exploring this place.
 F = Levels seen in this place.
 G = Mean time per level.
                   A        B        C        D        E       F      G
               +--------+--------+--------+--------+--------+-----+--------+
         Total |   6858 |   6617 |    241 |   2219 |   2931 |   7 |  979.7 |
       Dungeon |   6761 |   6525 |    236 |   2219 |   2860 |   6 | 1126.8 |
        Temple |     96 |     91 |      5 |      0 |     71 |   1 |   96.0 |
               +--------+--------+--------+--------+--------+-----+--------+

Top non-repeatable levels by time:
     D:3: 1666 daAuts
     D:5: 1593 daAuts
     D:4: 1238 daAuts
     D:1: 1185 daAuts
     D:2: 943 daAuts
     D:6: 134 daAuts
  Temple: 96 daAuts
